AoeStats
← MatzeAoE

Black Forest

505504789Analyzed
1v1 RM · 22d ago on Sep 9, 2026· 42m 34s· 2 players
Game mode
Random Map
Map size
Tiny (2 player)
Population
200
Speed
Normal
Resources
Standard
Victory
Conquest
Starting age
Dark Age
Ending age
Imperial Age
RankedLock teamsTeams togetherTeam positionsShared explorationLock speedFull tech treeHidden civsTurbo modeCheats
Victory
Defeat
🇩🇪 Jurchens · Germany
2118
+10
🇺🇸 Armenians · United States
1990
-10
Mycroft
1:03 Loom
11:10 Feudal Age
11:43 Double-Bit Axe
21:19 Castle Age
19:30 Scale Mail Armor
19:49 Horse Collar
21:32 Forging
24:01 Squires
26:44 Wheelbarrow
26:28 Bow Saw
26:23 Arson
27:40 Fletching
28:18 Sanctity
28:10 Gold Mining
30:42 Town Watch
32:09 Redemption
32:10 Fervor
38:21 Imperial Age
39:19 Block Printing
39:41 Theocracy
39:47 Gold Shaft Mining
40:39 Bodkin Arrow
41:05 Masonry
MatzeAoE
5:40 Loom
11:17 Feudal Age
11:19 Man-at-Arms
12:02 Double-Bit Axe
16:27 Arson
18:34 Horse Collar
23:26 Castle Age
25:31 Bow Saw
25:15 Gold Mining
27:35 Gold Shaft Mining
27:21 Siege Engineers
38:05 Imperial Age
39:23 Masonry
40:23 Fletching
41:21 Architecture
41:20 Bodkin Arrow
41:40 Fortified Bastions
42:33 Conscription
Connection lost

Rejoining the realm…

Still unreachable

The connection could not be restored.

Session expired

The server has moved on; the page needs a fresh start.